 Dungeon Crawl Stone Soup version 0.18-a0-1702-gd20c6a5 (webtiles) character file.

3199 Ijustatesigmund the Covert (level 9, -2/60 HPs)
             Began as an Octopode Assassin on Apr 7, 2016.
             Was a Follower of Cheibriados.
             Slain by an orc warrior
             ... wielding a +0 war axe
              (21 damage)
             ... on level 7 of the Dungeon.
             The game lasted 00:32:54 (7287 turns).

Ijustatesigmund the Covert (Octopode Assassin)      Turns: 7287, Time: 00:32:56

Health: -2/60      AC:  1    Str: 15      XL:     9   Next: 96%
Magic:  9/9        EV: 14    Int: 13 (14) God:    Cheibriados [*.....]
Gold:   346        SH:  9    Dex: 18      Spells: 0 memorised, 8 levels left

rFire  . . .     SeeInvis .     a - +2 dagger
rCold  + + .     Gourm    .     g - +3 buckler
rNeg   . . .     Faith    .     (helmet restricted)
rPois  .         Spirit   .     (no amulet)
rElec  .         Dismiss  .     e - ring of resist corrosion
rCorr  +         Reflect  .     h - ring of protection from cold
SustAt .         Harm     .     j - ring of protection from cold
MR     .....                    z - ring of stealth
Stlth  +++++++++.               (no ring)
                                (no ring)
                                (no ring)
                                (no ring)

@: studying Stealth, very slow, not resistant to hostile enchantments,
incredibly stealthy
A: almost no armour, amphibious, 8 rings, constrict 8, tentacle spike 1,
camouflage 2, clumsy 1, deterioration 1, dopey 1, strong 1, gelatinous body 1
a: Bend Time, Renounce Religion


You were on level 7 of the Dungeon.
You worshipped Cheibriados.
Cheibriados was aware of your devotion.
You were not hungry.

You visited 2 branches of the dungeon, and saw 8 of its levels.
You also visited: Bailey.

You collected 431 gold pieces.
You spent 85 gold pieces at shops.

Inventory:

Hand Weapons
 a - a +2 dagger (weapon)
 b - a +1 blowgun
Missiles
 d - a throwing net
 v - 19 poisoned needles
 y - 4 tomahawks (quivered)
 A - 2 curare-tipped needles
Armour
 g - a +3 buckler (worn)
 i - a +0 shield of positive energy
Jewellery
 c - an uncursed ring of fire
 e - a ring of resist corrosion (left tentacle)
 h - a ring of protection from cold (right tentacle)
 j - a ring of protection from cold (on tentacle)
 z - a ring of stealth (on tentacle)
Scrolls
 p - a scroll of magic mapping
 q - 5 scrolls of immolation
Potions
 l - a potion of heal wounds
 n - a potion of curing
 s - a potion of agility {unknown}
 u - 2 potions of mutation
 w - a potion of invisibility {unknown}
 B - 2 potions of brilliance
Books
 k - a manual of Stealth
 r - a book of Power

   Spells                             Type                      Level
   a - Fulminant Prism                Conjuration/Hexes            4
   b - Iskenderun's Mystic Blast      Conjuration                  4
   c - Venom Bolt                     Conjuration/Poison           5
   d - Bolt of Magma                  Conjuration/Fire/Earth       5
   e - Iron Shot                      Conjuration/Earth            6
   f - Orb of Destruction             Conjuration                  7
   g - Spellforged Servitor           Conjuration/Summoning        7
Comestibles
 f - 4 bread rations
 m - 2 slices of pizza
 t - a meat ration
 C - a royal jelly


   Skills:
 + Level 4.9 Fighting
 + Level 8.7 Short Blades
 - Level 2.0 Throwing
 + Level 4.0 Dodging
 + Level 11.5 Stealth
 + Level 4.7 Shields


You had 8 spell levels left.
You didn't know any spells.

Dungeon Overview and Level Annotations

Branches:
Dungeon (7/15)             Temple (1/1) D:6

Altars:
Ashenzari
Cheibriados
Dithmenos
Elyvilon
Fedhas
Gozag
Kikubaaqudgha
Makhleb
Nemelex Xobeh
Okawaru
Pakellas
Qazlal
Ru
Sif Muna
Trog
Vehumet
Xom
Yredelemnul
Zin
The Shining One

Shops:
D:6 [

Annotations:
D:4 ReniFell's ghost, amateur MiFi


Innate Abilities, Weirdness & Mutations

You cannot wear most types of armour.
You are amphibious.
You can wear up to eight rings at the same time.
You can use your tentacles to constrict eight enemies at once.
Your skin blends seamlessly with your surroundings (Stealth).
Your rubbery body absorbs attacks (AC +1).
One of your tentacles bears a spike.
You are clumsy. (Dex -2)
Your body sometimes deteriorates upon taking damage.
You are dopey. (Int -2)
Your muscles are strong. (Str +2)


Message History

The orc warrior is lightly wounded.
The hobgoblin hits you with a hand axe.
You hit the orc warrior but do no damage.
You grab the orc warrior.
The orc warrior is lightly wounded.
You constrict the orc warrior, but do no damage.
The orc warrior hits you with a war axe!
The goblin barely misses you.
You hit the orc warrior.
You pierce the orc warrior, but do no damage.
You squeeze the orc warrior, but do no damage.
The orc warrior is moderately wounded.
You constrict the orc warrior. The hobgoblin closely misses you.
You hit the orc warrior but do no damage.
You pierce the orc warrior, but do no damage.
You squeeze the orc warrior, but do no damage.
The orc warrior is moderately wounded.
You constrict the orc warrior, but do no damage.
The orc warrior hits you with a war axe!!
You die...

*,*,,,,,*,*,..#####
*,*,,,,,,,+,.......
****,*,,,*,*,*,.......
*,,,,*,,.*,*,#........
*,**,*,,.#.*,#........
*,#######..*,.........
*,#.!!..#..**#.##.....
*,#.....#.#* #.##.....
*,#..@o.#.# #.##.....
*,#).gg.#.####.##.....
*,#.....#.......'.....
*,###'###.#######.....
*,* #.# #.# ###### *,*
#.# #.# #.###.###.#
#..!......#
###########


You could see an orc warrior, a hobgoblin and a goblin.

Vanquished Creatures
  The ghost of George the Blocker, a novice MiFi of Okawaru (Bailey)
  Pikel (D:5)
  An orc knight (Bailey)
  Grinder (D:6)
  A hungry ghost (D:7)
  Purgy (D:3)
  3 slaves (D:5)
  3 orc warriors (Bailey)
  A centaur (D:6)
  A scorpion (D:4)
  A killer bee (D:6)
  2 electric eels (Bailey)
  A crimson imp (D:7)
  A jelly (D:6)
  3 hounds
  5 orc priests
  Crazy Yiuf (D:3)
  4 orc wizards
  2 giant frog skeletons
  A centaur skeleton (D:4)
  2 iguanas (D:4)
  Natasha (thrice) (D:3)
  A worker ant (D:4)
  5 gnolls
  2 adders (D:2)
  An ooze (D:2)
  An adder skeleton (D:6)
  A worm (D:4)
  4 giant geckos
  18 orcs
  6 bats
  5 giant cockroaches
  10 goblins
  6 hobgoblins
  4 jackals (D:6)
  4 kobolds
  2 quokkas
  3 ball pythons
  A giant cockroach zombie (D:6)
  5 giant newts
  2 rats
  A fungus (D:3)
122 creatures vanquished.

Notes
Turn   | Place    | Note
--------------------------------------------------------------
     0 | D:1      | Ijustatesigmund the Octopode Assassin began the quest for the Orb.
     0 | D:1      | Reached XP level 1. HP: 14/14 MP: 1/1
   192 | D:1      | Reached XP level 2. HP: 20/20 MP: 2/2
   870 | D:2      | Reached skill level 1 in Shields
   900 | D:2      | Reached XP level 3. HP: 20/25 MP: 3/3
  1499 | D:2      | Found a bloodstained altar of Trog.
  1499 | D:2      | Found an oddly glowing altar of Pakellas.
  1694 | D:3      | Reached XP level 4. HP: 30/30 MP: 4/4
  1751 | D:3      | Noticed Purgy
  2393 | D:4      | Noticed ReniFell's ghost (amateur MiFi)
  2584 | D:3      | Reached XP level 5. HP: 9/36 MP: 5/5
  3224 | D:3      | Noticed Natasha
  3249 | D:3      | Killed Natasha
  3249 | D:3      | Reached skill level 6 in Stealth
  3322 | D:3      | Noticed Crazy Yiuf
  3343 | D:3      | Killed Crazy Yiuf
  3343 | D:3      | Reached XP level 6. HP: 40/42 MP: 6/6
  3455 | D:3      | Killed Purgy
  3467 | D:3      | Noticed Natasha
  3473 | D:3      | Killed Natasha
  3473 | D:3      | Reached skill level 7 in Stealth
  3634 | D:3      | Noticed Natasha
  3643 | D:3      | Killed Natasha
  3659 | D:5      | Entered Level 5 of the Dungeon
  3668 | D:4      | Reached XP level 7. HP: 31/46 MP: 7/7
  3799 | D:4      | Reached skill level 5 in Short Blades
  4130 | D:4      | Reached skill level 8 in Stealth
  4800 | D:5      | Noticed Pikel
  4807 | D:5      | Killed Pikel
  4807 | D:5      | Reached skill level 9 in Stealth
  4807 | D:5      | Reached XP level 8. HP: 52/52 MP: 8/8
  4814 | D:5      | Noticed a gargoyle
  5012 | D:5      | Reached skill level 10 in Stealth
  5520 | D:6      | Found a staircase to the Ecumenical Temple.
  5529 | Temple   | Entered the Ecumenical Temple
  5628 | Temple   | Became a worshipper of Cheibriados the Contemplative
  5713 | D:6      | Found Omakik's Antique Armour Emporium.
  5737 | D:6      | Bought a runed shield for 85 gold pieces
  5831 | D:6      | Noticed Grinder
  5845 | D:6      | Killed Grinder
  5845 | D:6      | Reached skill level 11 in Stealth
  6331 | D:6      | Reached XP level 9. HP: 55/56 MP: 9/9
  6597 | D:7      | Found a flagged portal.
  6652 | Bailey   | Entered a bailey
  6652 | Bailey   | Noticed George's ghost (novice MiFi)
  6653 | Bailey   | Gained mutation: Your skin blends seamlessly with your surroundings (Stealth). [potion of mutation]
  6653 | Bailey   | Gained mutation: Your muscles are strong. (Str +2) [potion of mutation]
  6653 | Bailey   | Gained mutation: One of your tentacles bears a spike. [potion of mutation]
  6671 | Bailey   | Killed George's ghost
  6820 | Bailey   | Reached * piety under Cheibriados
  6946 | Bailey   | Noticed an orc knight
  6954 | Bailey   | Killed an orc knight
  7119 | Bailey   | Noticed an orc high priest
  7120 | Bailey   | Noticed a kobold demonologist
  7144 | Bailey   | Gained mutation: Your body sometimes deteriorates upon taking damage. [a neqoxec]
  7147 | Bailey   | Gained mutation: You are clumsy. (Dex -2) [a neqoxec]
  7148 | Bailey   | Gained mutation: You are dopey. (Int -2) [a neqoxec]
  7240 | Bailey   | Found an iron altar of Okawaru.
  7244 | Bailey   | Noticed a red devil
  7244 | Bailey   | Noticed a smoke demon
  7287 | D:7      | Slain by an orc warrior

Vault maps used:
D:1:      dpeg_arrival_connections, minmay_liquid_box
D:2:      amethyst_overflow_temple_binary
D:3:      first_bread, uniq_crazy_yiuf_cottage, uniq_purgy, uniq_natasha
D:5:      uniq_pikel
D:6:      minmay_temple_entry_grid, serial_shops,
          nicolae_shop_overgrown_old_shop, uniq_grinder
D:7:      enter_bailey_7, kennysheep_cluttered_room
Temple:   kilobyte_greek_temple_18
Bailey:   bailey_axe_of_yendor_kennysheep, bailey

Skill      XL: |  1  2  3  4  5  6  7  8  9 |
---------------+----------------------------+-----
Shields        | 1 2 4 |  4.7
Short Blades   | 3 4 6 7 8 |  8.7
Fighting       | 3 4 |  4.9
Stealth        | 6 7 9 11 | 11.5
Dodging        | 4 |  4.0
Throwing       | |  2.0

Action                   |  1- 3 |  4- 6 |  7- 9 || total
-------------------------+-------+-------+-------++-------
Melee: Dagger            |    49 |    99 |   186 ||   334
 Fire: Blowgun           |       |    23 |    12 ||    35
Throw: Tomahawk          |       |       |     5 ||     5
  Use: Scroll            |     6 |     4 |     8 ||    18
       Potion            |       |     4 |     5 ||     9
 Stab: Sleeping          |    10 |     5 |    31 ||    46
       Distracted        |     2 |     1 |     1 ||     4
  Eat: Chunk             |     2 |     3 |     9 ||    14
       Royal jelly       |       |     1 |     1 ||     2
       Beef jerky        |       |     1 |       ||     1
